 Dungeon Crawl Stone Soup version 0.26-a0-810-ge1a9524b62 (webtiles) character file.

Game seed: 13355971479030915422

205283 dickylongcocking the Eclecticist (level 18, -1/123 HPs)
             Began as a Spriggan Venom Mage on Nov 13, 2020.
             Was an Initiate of Gozag.
             Slain by a 16-headed hydra (11 damage)
             ... called by a spriggan druid
             ... on level 4 of the Swamp.
             The game lasted 01:08:39 (48104 turns).

dickylongcocking the Eclecticist (SpVM)            Turns: 48104, Time: 01:08:40

Health: -1/123     AC: 30    Str:  4    XL:     18   Next: 3%
Magic:  16/40      EV: 30    Int: 24    God:    Gozag
Gold:   2837       SH:  5    Dex: 17    Spells: 18/51 levels left

rFire    . . .     SeeInvis +   F - +3 lajatang (spect)
rCold    . . .     Faith    .   (shield currently unavailable)
rNeg     + . .     Spirit   .   (armour currently unavailable)
rPois    ∞         Reflect  +   (helmet restricted)
rElec    +         Harm     .   (no cloak)
rCorr    .         Rampage  .   (gloves unavailable)
MR       +++..                  (boots unavailable)
Stlth    +.........             z - amulet of reflection
HPRegen  0.30/turn              r - +4 ring of protection
MPRegen  0.27/turn              T - ring of wizardry

@: about to teleport, statue-form, noxious spew, very slow
A: very small, unfitting armour, see invisible
}: 1/15 runes: barnacled
a: End Transformation, Potion Petition, Call Merchant, Bribe Branch, Renounce
Religion


You were on level 4 of the Swamp.
You worshipped Gozag.
Gozag was most pleased with you.
You were a stone statue.
You visited 6 branches of the dungeon, and saw 32 of its levels.
You also visited: Sewer.

You collected 11327 gold pieces.
You spent 8067 gold pieces at shops.
You paid 423 gold pieces to Gozag.

Inventory:

Hand Weapons
 F - a +3 spectral lajatang (weapon)
Armour
 J - the +4 skin of Zhor (melded) {Englaciate rC+++ SInv}
   (You bought it in a shop on level 6 of the Dungeon)

   It renders you almost immune to cold.
   It lets you see invisible.
Magical Staves
 s - an uncursed staff of poison
 x - an uncursed staff of conjuration
Jewellery
 g - a +4 ring of evasion
 i - an uncursed amulet of magic regeneration
 l - an uncursed ring of magical power
 n - an uncursed ring of protection from cold
 q - an uncursed ring of positive energy {unknown}
 r - a +4 ring of protection (left hand)
 u - an uncursed ring of flight
 y - an uncursed ring of fire
 z - an amulet of reflection (around neck)
 B - an uncursed ring of magical power
 H - an uncursed ring of protection from magic
 M - an uncursed ring of poison resistance
 O - an uncursed ring of stealth
 T - a ring of wizardry (right hand)
Wands
 p - a wand of enslavement (10)
 w - a wand of iceblast (2)
 G - a wand of random effects (31)
 Q - a wand of paralysis (3)
 U - a wand of polymorph (8)
 V - a wand of flame (22)
Scrolls
 a - 10 scrolls of identify
 b - 5 scrolls of enchant armour
 c - 12 scrolls of teleportation
 d - 15 scrolls of remove curse
 j - 6 scrolls of fog
 o - 6 scrolls of magic mapping
 v - a scroll of enchant weapon
 C - a scroll of vulnerability
 D - a scroll of silence
 I - a scroll of holy word
 L - 5 scrolls of immolation
 R - a scroll of brand weapon
Potions
 e - 5 potions of mutation
 f - 9 potions of haste
 h - 6 potions of might
 m - a potion of berserk rage
 A - 2 potions of magic
 K - 9 potions of curing
 N - 6 potions of flight
 W - 3 potions of brilliance
 Y - 2 potions of lignification
 Z - a potion of attraction
Miscellaneous
 k - a phantom mirror (inert)
 E - a condenser vane


   Skills:
 - Level 10.5 Fighting
 * Level 10.7 Staves
 - Level 14.0 Dodging
 - Level 3.0 Stealth
 - Level 17.1 Spellcasting
 - Level 7.0 Hexes
 - Level 9.2 Translocations
 * Level 13.3 Transmutations
 - Level 4.0 Earth Magic
 - Level 12.5 Poison Magic
 - Level 14.5 Evocations


You had 18 spell levels left.
You knew the following spells:

 Your Spells              Type           Power        Failure   Level
a - Sting                 Tmut/Pois      ####         0%          1
b - Summon Mana Viper     Hex/Summ       #####...     7%          5
c - Eringya's Noxious Bo  Tmut/Pois      ######....   1%          6
d - Olgreb's Toxic Radia  Pois           ######..     1%          4
f - Summon Forest         Summ/Tloc      #####.....   4%          5
i - Ignite Poison         Fire/Tmut/Pois ######..     1%          3
x - Mephitic Cloud        Conj/Pois/Air  #####...     1%          3
z - Statue Form           Tmut/Erth      ######...    4%          6

Your spell library contained the following spells:

 Spells                   Type           Power        Failure   Level
 Beastly Appendage        Tmut           ######       0%          1
 Wereblood                Tmut           ######..     0%          2
 Foxfire                  Conj/Fire      ###.         1%          1
 Freeze                   Ice            ###.         1%          1
 Magic Dart               Conj           ###.         1%          1
 Shock                    Conj/Air       ###.         1%          1
 Summon Small Mammal      Summ           ###.         1%          1
 Call Imp                 Summ           ###.....     1%          2
 Corpse Rot               Necr/Air       N/A          1%          2
 Poisonous Vapours        Pois/Air       ######       1%          2
 Searing Ray              Conj           ###...       1%          2
 Sublimation of Blood     Necr           ###.......   1%          2
 Swiftness                Air            ###.....     1%          2
 Confusing Touch          Hex            ######..     1%          3
 Dazzling Flash           Conj/Hex       #####.       1%          3
 Gell's Gravitas          Tloc           ######....   1%          3
 Inner Flame              Hex/Fire       #####...     1%          3
 Spider Form              Tmut/Pois      ######....   1%          3
 Stone Arrow              Conj/Erth      ####..       1%          3
 Summon Guardian Golem    Hex/Summ       #####...     1%          3
 Cause Fear               Hex            ######....   1%          4
 Ice Form                 Ice/Tmut       ######..     1%          4
 Iskenderun's Mystic Bla  Conj/Tloc      #####...     1%          4
 Leda's Liquefaction      Hex/Erth       #####.....   1%          4
 Petrify                  Tmut/Erth      ######..     1%          4
 Blade Hands              Tmut           ######....   1%          5
 Yara's Violent Unravell  Hex/Tmut       ######....   1%          5
 Hydra Form               Tmut           ######....   1%          6
 Fulminant Prism          Conj/Hex       #####.....   2%          4
 Call Canine Familiar     Summ           ###.....     3%          3
 Conjure Flame            Conj/Fire      ###.....     3%          3
 Frozen Ramparts          Ice            ###...       3%          3
 Ozocubu's Armour         Ice            ###.....     3%          3
 Static Discharge         Conj/Air       ###.....     3%          3
 Metabolic Englaciation   Hex/Ice        #####.....   7%          5
 Airstrike                Air            ###.......   11%         4
 Animate Dead             Necr           ###.......   11%         4
 Dispel Undead            Necr           ###.....     11%         4
 Hailstorm                Conj/Ice       ###.....     11%         4
 Sticky Flame             Conj/Fire      ###.....     11%         4
 Summon Ice Beast         Ice/Summ       ###.....     11%         4
 Summon Lightning Spire   Summ/Air       ###.....     11%         4
 Borgnjor's Vile Clutch   Necr/Erth      ####......   12%         5
 Bolt of Magma            Conj/Fire/Erth ####......   16%         5
 Agony                    Necr           ###.....     26%         5
 Excruciating Wounds      Necr           ###.......   26%         5
 Fireball                 Conj/Fire      ###.......   26%         5
 Iskenderun's Battlesphe  Conj           ###.....     26%         5
 Lightning Bolt           Conj/Air       ###.......   26%         5
 Iron Shot                Conj/Erth      ####......   52%         6
 Death Channel            Necr           ###.......   80%         6
 Simulacrum               Ice/Necr       ###.......   80%         6
 Necromutation            Tmut/Necr      ######....   98%         8
 Haunt                    Necr/Summ      ###.......   100%        7
 Summon Hydra             Summ           ###.......   100%        7
 Borgnjor's Revivificati  Necr           ###.......   100%        8
 Infestation              Necr           ###.......   100%        8
 Death's Door             Necr           ###.......   100%        9
 Shatter                  Erth           #####.....   100%        9


Dungeon Overview and Level Annotations

Branches:
Dungeon (15/15)            Temple (1/1) D:6            Lair (6/6) D:11
  Swamp (4/4) Lair:4       Shoals (4/4) Lair:2        Slime (0/5) Lair:5
    Orc (2/2) D:9             Elf (0/3) Orc:2        Vaults (0/5) D:14
 Depths (0/5) D:15          Sewer (visited)

Altars:
Ashenzari
Cheibriados
Dithmenos
Elyvilon
Fedhas
Gozag
Hepliaklqana
Kikubaaqudgha
Makhleb
Nemelex Xobeh
Okawaru
Qazlal
Ru
Sif Muna
Trog
Uskayaw
Vehumet
Wu Jian
Xom
Yredelemnul
Zin
The Shining One

Shops:
D:6 [   D:8 (   D:9 (   D:14 !   Orc:2 :=(([(   Shoals:1 *   Shoals:2 *

Annotations:
D:8 2 transporters, tbh1313's ghost, novice DDFi
Lair:3 exclusion: oklob plant
Shoals:2 Roxanne
Shoals:3 1 runed translucent door


Innate Abilities, Weirdness & Mutations

You are very small and have problems with some larger weapons.
You are too small for most types of armour.
You have supernaturally acute eyesight. (SInv)
((You cover ground extremely quickly.))


Message History

Unknown command.
Okay, then.
Unknown command.
Okay, then.
Unknown command.
As you read the scroll of teleportation, it crumbles to dust.
You feel strangely unstable.
The six-headed hydra barely misses your spectral weapon.
The six-headed hydra bites your spectral weapon but does no damage. x3
The six-headed hydra bites your spectral weapon!
Your spectral weapon shares its damage with you!
* * * LOW HITPOINT WARNING * * *
The six-headed hydra bites your spectral weapon.
Your spectral weapon shares its damage with you!
* * * LOW HITPOINT WARNING * * *
The 16-headed hydra closely misses you.
The 16-headed hydra bites you but does no damage.
The 16-headed hydra bites you!
You die...
Your body crumbles into a pile of gold.

.≈≈.≈≈≈.♣♣♣≈.§≈≈.♣♣≈≈♣♣
≈...≈≈≈≈.≈..≈≈≈≈..≈≈≈.♣♣
.<≈≈≈≈≈≈≈(..≈≈≈≈..≈≈≈≈<♣♣♣♣
≈≈≈≈≈≈≈≈≈≈.....≈.§≈≈≈≈≈.≈≈♣♣
≈≈≈≈≈≈≈≈≈≈≈.≈≈.≈.≈≈≈≈≈≈≈≈≈.♣♣.≈§
≈≈≈≈≈≈≈≈≈≈.≈≈≈.♣.≈≈≈≈§≈≈.≈≈..≈≈≈
§≈≈≈≈≈≈)≈≈≈≈≈.♣♣.≈≈≈≈≈≈.♣♣.≈≈≈≈≈
≈≈≈..))..≈≈≈≈♣♣♣.§...≈...♣♣≈≈≈≈≈
≈≈♣♣≈.≈..≈≈.♣♣≈.8≈≈...<§.≈♣≈≈≈≈.
.♣♣♣♣.♣♣.≈≈.♣♣≈DD(≈.♣♣♣♣≈≈♣ ♣♣♣♣
♣.♣ ♣♣♣♣.≈.♣♣♣♣≈≈D≈.♣ ...♣ ♣♣♣
♣♣≈≈♣♣♣ ♣§≈≈≈.♣ ..♣♣
♣♣...≈♣♣♣♣♣.≈≈≈.♣ ..♣
♣.≈≈≈♣♣≈≈♣♣..≈≈♣♣♣ ♣..♣
♣≈≈≈≈♣.≈..♣§..♣♣≈♣♣≈≈.≈
♣♣♣♣♣♣≈..♣.§.≈≈°☼.≈...♣
♣♣≈.≈.≈≈$...≈♣D....♣


You could see a 16-headed hydra, a six-headed hydra (very poisoned), a swamp
dragon and a friendly +3 spectral lajatang (summoned).

Vanquished Creatures
  A kraken (Shoals:2)
  A titan (Shoals:1)
  Polyphemus (Shoals:2)
  A stone giant (D:10)
  6 bunyips
  7 merfolk impalers
  14 harpies
  4 eleionomae
  2 yaktaur captains (D:10)
  A ghost crab (Swamp:4)
  5 boulder beetles
  17 hydras
  3 merfolk aquamancers (Shoals:4)
  A centaur warrior (D:14)
  3 catoblepae
  A satyr (Shoals:4)
  3 merfolk avatars
  A death knight (D:14)
  5 two-headed ogres
  2 alligator snapping turtles (Shoals:3)
  5 alligators
  3 orc high priests (Orc:2)
  11 death yaks
  4 goliath frogs
  Sonja (Lair:1)
  12 sea snakes
  A skeletal warrior (D:15)
  A deep troll (D:10)
  An unseen horror (D:11)
  6 spriggan druids
  2 wizards
  5 swamp dragons
  4 bog bodies
  A deep elf archer (D:14)
  6 orc knights
  2 lindwurms (Lair:6)
  11 fauns
  A harpy (shapeshifter) (D:15)
  2 phantasmal warriors (D:14)
  A necromancer (D:14)
  3 deep elf magi
  6 orc sorcerers
  7 ugly things
  20 manticores
  10 cyclopes
  2 will-o-the-wisps
  A frost giant skeleton (D:15)
  14 elephants
  A spriggan zombie (D:15)
  A moth of wrath (shapeshifter) (D:12)
  2 water nymphs
  7 merfolk sirens
  10 black mambas
  A torpor snail (Lair:6)
  11 cane toads
  3 gargoyles
  An elf zombie (D:15)
  2 efreet
  A rime drake (shapeshifter) (D:15)
  13 komodo dragons
  5 yaktaurs (D:14)
  4 rime drakes
  A freezing wraith (D:14)
  A guardian mummy (D:15)
  11 trolls
  2 tengu conjurers (D:15)
  22 merfolk
  10 tyrant leeches
  8 hornets
  2 polar bears
  3 wind drakes
  A meliai zombie (D:13)
  36 blink frogs
  4 slime creatures (D:12)
  8 snapping turtles
  23 dream sheep
  2 water elementals
  A deep troll zombie (D:15)
  4 wraiths
  3 vampires
  14 spriggans
  Eustachio (D:5)
  3 shadows
  8 wyverns
  62 yaks
  9 basilisks
  Grum (D:5)
  A steam dragon (D:12)
  2 wargs (Orc:2)
  5 vampire mosquitoes
  A soldier ant (D:10)
  Duvessa (D:4)
  11 swamp worms
  21 water moccasins
  25 orc warriors
  5 black bears
  A black bear (shapeshifter) (D:13)
  3 eyes of draining
  4 ogres
  5 sky beasts
  A hornet zombie (D:6)
  4 necrophages
  2 swamp drakes
  2 ice beasts (D:13)
  A boggart (D:14)
  2 phantoms
  8 centaurs
  33 wolves
  A big kobold (shapeshifter) (D:15)
  5 big kobolds
  18 bullfrogs
  3 gnoll sergeants (D:5)
  A wyvern zombie (D:13)
  A wyvern skeleton (D:7)
  3 scorpions
  Dowan (D:4)
  3 killer bees (D:3)
  12 wights
  7 electric eels
  9 howler monkeys
  3 centaur zombies
  3 jellies
  3 bullfrog zombies
  5 centaur skeletons
  12 hounds
  A quasit (D:7)
  16 orc priests
  20 orc wizards
  3 bullfrog skeletons
  2 gnoll shamans (D:5)
  14 worker ants
  A hound zombie (D:7)
  2 hound skeletons
  16 gnolls
  3 river rats (D:4)
  13 adders
  A shadow imp (D:7)
  2 white imps (D:7)
  An ufetubus (D:10)
  An ooze (D:2)
  An adder zombie (D:9)
  3 worms
  A dart slug (D:1)
  5 leopard geckos
  68 orcs
  3 giant cockroaches
  7 goblins
  7 hobgoblins
  6 jackals
  3 quokkas
  4 ball pythons
  13 bats
  8 frilled lizards
  19 kobolds
  2 quokka zombies (D:5)
  5 rats
  A tentacle (Shoals:2)
1004 creatures vanquished.

Vanquished Creatures (collateral kills)
  the Lernaean hydra (Swamp:4)
  Rupert (D:15)
  An eleionoma (Swamp:2)
  A hydra (Swamp:4)
  3 harpies (Shoals:1)
  2 swamp dragons
  2 fauns (Shoals:1)
  A will-o-the-wisp (Swamp:3)
  A centaur skeleton (D:15)
  2 hornets (Swamp:2)
  A tyrant leech (Swamp:2)
  A dream sheep (Shoals:2)
  2 spriggans (Swamp:2)
  4 vampire mosquitoes
  2 swamp drakes (Swamp:4)
25 creatures vanquished.

Vanquished Creatures (others)
  A bunyip (Swamp:2)
  A hydra (Swamp:4)
  A centaur skeleton (D:15)
  3 bloated husks
  A bush (Lair:5)
  10 foxfires
  57 fungi
  265 plants
  3 tentacles (Shoals:2)
  5 withered plants (D:15)
347 creatures vanquished.

Grand Total: 1376 creatures vanquished

Notes
Turn   | Place    | Note
-------+----------+-------------------------------------------
     0 | D:1      | dickylongcocking the Spriggan Venom Mage began the quest
                  | for the Orb.
     0 | D:1      | Reached XP level 1. HP: 9/9 MP: 5/5
   315 | D:1      | Reached XP level 2. HP: 13/13 MP: 1/6
  1412 | D:2      | Reached XP level 3. HP: 16/16 MP: 2/8
  1417 | D:2      | Learned a level 3 spell: Ignite Poison
  1707 | D:2      | Learned a level 3 spell: Mephitic Cloud
  1750 | D:2      | Reached XP level 4. HP: 10/21 MP: 0/9
  2095 | D:2      | Reached skill level 5 in Transmutations
  2915 | D:3      | Reached skill level 3 in Spellcasting
  3198 | D:3      | Reached XP level 5. HP: 24/24 MP: 10/10
  3295 | D:3      | Reached skill level 4 in Spellcasting
  3296 | D:3      | Reached XP level 6. HP: 11/28 MP: 11/13
  3480 | D:3      | Learned a level 4 spell: Olgreb's Toxic Radiance
  4071 | D:4      | Noticed Duvessa
  4071 | D:4      | Noticed Dowan
  4087 | D:4      | Killed Dowan
  4087 | D:4      | Killed Duvessa
  4087 | D:4      | Reached skill level 5 in Spellcasting
  4087 | D:4      | Reached skill level 5 in Poison Magic
  4463 | D:4      | Reached XP level 7. HP: 8/32 MP: 16/16
  4794 | D:4      | Found a glowing drain.
  4796 | D:4      | Reached skill level 6 in Spellcasting
  4807 | Sewer    | Entered a sewer
  5915 | D:5      | Entered Level 5 of the Dungeon
  5954 | D:5      | Reached skill level 7 in Spellcasting
  5999 | D:5      | Reached XP level 8. HP: 32/36 MP: 16/19
  6054 | D:5      | Noticed Grum
  6075 | D:5      | Killed Grum
  6397 | D:5      | Reached skill level 8 in Spellcasting
  6628 | D:5      | Noticed Eustachio
  6636 | D:5      | Killed Eustachio
  6823 | D:5      | Reached skill level 9 in Spellcasting
  7246 | D:6      | Found a staircase to the Ecumenical Temple.
  7259 | Temple   | Entered the Ecumenical Temple
  7378 | Temple   | Became a worshipper of Gozag Ym Sagoz the Greedy
  7423 | D:6      | Found Vail's Antique Armour Boutique.
  7540 | D:6      | Reached XP level 9. HP: 33/39 MP: 23/23
  8052 | D:7      | Reached skill level 10 in Spellcasting
  9336 | D:8      | Identified the +5 spear "Seff" {venom, rElec Int+2 Dex+3}
  9336 | D:8      | Identified the +5 ring mail of Undesirable Species {-Cast
                  | rN+++ Int+6 Dex-4}
  9707 | D:8      | Identified the +10 scythe of Conformity {vorpal, Int+4}
  9707 | D:8      | Identified the ring "Ofrug" {+Fly rN+ Dex-2 Slay+4}
  9722 | D:8      | Reached skill level 11 in Spellcasting
  9823 | D:8      | Reached skill level 1 in Fighting
 10054 | D:8      | Found Icwihaid's Weapon Boutique.
 10058 | D:8      | Found a transporter.
 10067 | D:8      | Reached skill level 10 in Poison Magic
 10210 | D:8      | Found a transporter.
 10226 | D:8      | Noticed tbh1313's ghost (novice DDFi)
 10414 | D:8      | Reached XP level 10. HP: 20/46 MP: 26/26
 11009 | D:9      | Found a staircase to the Orcish Mines.
 11009 | D:9      | Found Jiah's Weapon Shoppe.
 11833 | D:9      | Reached skill level 1 in Evocations
 12328 | D:9      | Found a sparkling altar of Nemelex Xobeh.
 12533 | D:10     | Entered Level 10 of the Dungeon
 12549 | D:10     | Reached skill level 12 in Spellcasting
 12645 | D:10     | Noticed a two-headed ogre
 12653 | D:10     | Killed a two-headed ogre
 12699 | D:10     | Noticed a stone giant
 12707 | D:10     | HP: 1/49 [stone giant/large rock (46)]
 12974 | D:10     | Noticed a yaktaur captain
 13137 | D:10     | Noticed a yaktaur captain
 13149 | Orc:1    | Entered Level 1 of the Orcish Mines
 13529 | Orc:2    | Entered Level 2 of the Orcish Mines
 13541 | Orc:2    | Found a staircase to the Elven Halls.
 13664 | Orc:2    | Found Kumnat's Jewellery Boutique.
 13814 | Orc:2    | Found Xobus's Weapon Emporium.
 13817 | Orc:2    | Reached XP level 11. HP: 54/54 MP: 28/28
 13817 | Orc:2    | Reached skill level 5 in Evocations
 13822 | Orc:2    | Found Sehiukk's Armour Boutique.
 13823 | Orc:2    | Noticed an orc sorcerer
 13824 | Orc:2    | Noticed an orc sorcerer
 13824 | Orc:2    | Noticed an orc sorcerer
 13824 | Orc:2    | Noticed an orc knight
 13825 | Orc:2    | Noticed an orc knight
 13825 | Orc:2    | Noticed an orc sorcerer
 13825 | Orc:2    | Noticed an orc high priest
 13827 | Orc:2    | Noticed a sixfirhy
 13827 | Orc:2    | Noticed an orc high priest
 13828 | Orc:2    | Noticed an orc high priest
 13829 | Orc:2    | Noticed a sixfirhy
 13829 | Orc:2    | Noticed an orc knight
 13829 | Orc:2    | Noticed an orc knight
 13830 | Orc:2    | Killed an orc sorcerer
 13830 | Orc:2    | Killed an orc sorcerer
 13830 | Orc:2    | Killed an orc high priest
 13830 | Orc:2    | Killed an orc sorcerer
 13830 | Orc:2    | Reached skill level 5 in Fighting
 13831 | Orc:2    | Killed an orc sorcerer
 13832 | Orc:2    | Killed an orc knight
 13832 | Orc:2    | Reached skill level 13 in Spellcasting
 13832 | Orc:2    | Killed an orc high priest
 13833 | Orc:2    | Killed an orc knight
 13834 | Orc:2    | Killed an orc high priest
 13834 | Orc:2    | Killed an orc knight
 13835 | Orc:2    | Killed an orc knight
 13870 | Orc:1    | Noticed an orc sorcerer
 13871 | Orc:1    | Noticed an orc sorcerer
 14455 | Orc:2    | Found Osauvi Sous's Book Shop.
 14527 | Orc:2    | Found Anesok's Weapon Emporium.
 14528 | Orc:2    | Found Jushrodd's Antique Weapon Boutique.
 14561 | Orc:2    | Bought a glowing lajatang for 594 gold pieces
 14739 | Orc:1    | Noticed an orc knight
 14743 | Orc:1    | Killed an orc sorcerer
 14743 | Orc:1    | Killed an orc knight
 14745 | Orc:1    | Killed an orc sorcerer
 14745 | Orc:1    | Reached skill level 1 in Staves
 14745 | Orc:1    | Reached XP level 12. HP: 39/61 MP: 18/30
 15208 | D:10     | Killed a yaktaur captain
 15209 | D:10     | Killed a stone giant
 15524 | D:10     | Reached skill level 5 in Dodging
 15959 | D:10     | Killed a yaktaur captain
 16555 | D:6      | Bought the +4 skin of Zhor {Englaciate rC+++ SInv} for 1729
                  | gold pieces
 16555 | D:6      | Found the +4 skin of Zhor {Englaciate rC+++ SInv}
 16732 | D:11     | Noticed a boulder beetle
 16741 | D:11     | Killed a boulder beetle
 16741 | D:11     | Reached skill level 14 in Spellcasting
 17228 | D:11     | Found a staircase to the Lair.
 17920 | D:12     | Noticed a two-headed ogre
 17930 | D:12     | Killed a two-headed ogre
 18719 | D:12     | Noticed a two-headed ogre
 18724 | D:12     | Killed a two-headed ogre
 18724 | D:12     | Reached XP level 13. HP: 67/67 MP: 29/32
 18762 | D:12     | Reached skill level 10 in Evocations
 19901 | Lair:1   | Entered Level 1 of the Lair of Beasts
 19964 | Lair:1   | Noticed Sonja
 19968 | Lair:1   | Killed Sonja
 20674 | Lair:1   | You fall into a shaft and drop 1 floor!
 21628 | Lair:2   | Found a staircase to the Shoals.
 21879 | Lair:2   | Reached skill level 15 in Spellcasting
 22636 | Lair:3   | Reached skill level 10 in Dodging
 23104 | Lair:3   | Found a blossoming altar of Fedhas.
 23326 | Lair:4   | Reached skill level 5 in Staves
 23344 | Lair:4   | Reached XP level 14. HP: 39/74 MP: 19/34
 24865 | Lair:4   | Found a staircase to the Swamp.
 25805 | Lair:5   | Found a staircase to the Slime Pits.
 25807 | Lair:5   | Identified a scroll of acquirement
 25807 | Lair:5   | Acquired the Almanac of Conjuration and Malediction
 25815 | Lair:5   | Learned a level 5 spell: Summon Mana Viper
 26187 | Lair:5   | Reached skill level 1 in Hexes
 27040 | Lair:6   | Entered Level 6 of the Lair of Beasts
 27235 | Lair:6   | Reached skill level 16 in Spellcasting
 27785 | Lair:6   | Reached XP level 15. HP: 70/79 MP: 4/36
 29119 | Lair:6   | Reached skill level 5 in Hexes
 31415 | D:14     | Found a shimmering altar of Xom.
 32198 | D:14     | Found a gate to the Vaults.
 32253 | D:14     | Found Orhuacet's Distillery.
 32287 | D:14     | Bought a potion of curing for 36 gold pieces
 32287 | D:14     | Bought a potion of might for 48 gold pieces
 32287 | D:14     | Bought a potion of brilliance for 48 gold pieces
 32287 | D:14     | Bought a potion of haste for 120 gold pieces
 32287 | D:14     | Bought a potion of lignification for 36 gold pieces
 32287 | D:14     | Bought a potion of attraction for 36 gold pieces
 32287 | D:14     | Bought a potion of magic for 96 gold pieces
 32553 | D:15     | Entered Level 15 of the Dungeon
 32565 | D:15     | Reached skill level 10 in Fighting
 32761 | D:15     | Noticed Rupert
 32795 | D:15     | Found a staircase to the Depths.
 32814 | D:15     | Killed Rupert
 34007 | D:15     | Reached XP level 16. HP: 85/85 MP: 37/37
 35065 | Shoals:1 | Entered Level 1 of the Shoals
 35556 | Shoals:1 | Reached skill level 17 in Spellcasting
 35609 | Shoals:1 | Noticed a titan
 35782 | Shoals:1 | Killed a titan
 36995 | Orc:2    | Bought a Fen Folio for 1350 gold pieces
 36995 | Orc:2    | Bought a manual of Short Blades for 1987 gold pieces
 36995 | Orc:2    | Bought a Necronomicon for 1987 gold pieces
 37023 | D:9      | Learned a level 6 spell: Eringya's Noxious Bog
 37030 | D:9      | Learned a level 6 spell: Statue Form
 37036 | D:9      | Learned a level 5 spell: Summon Forest
 37221 | Shoals:1 | Found Faregam's Fabulous Fripperies.
 37414 | Shoals:2 | Identified Roxanne's Compendium of Changing
 37414 | Shoals:2 | Noticed Roxanne
 37422 | Shoals:2 | Reached skill level 1 in Translocations
 37613 | Shoals:2 | Found Wolaudan's Assorted Antiques.
 37887 | Shoals:2 | Noticed Polyphemus
 37898 | Shoals:2 | Killed Polyphemus
 38359 | Shoals:2 | Reached skill level 5 in Translocations
 38687 | Shoals:2 | Noticed a kraken
 38698 | Shoals:2 | Killed a kraken
 40092 | Shoals:3 | Found a runed translucent door.
 40725 | Shoals:4 | Entered Level 4 of the Shoals
 40962 | Shoals:4 | Identified the +9 mace "Viffischeqe" {holy, rF+}
 41002 | Shoals:4 | Reached XP level 17. HP: 54/90 MP: 2/39
 41867 | Shoals:4 | Reached skill level 10 in Transmutations
 42613 | Shoals:4 | Got a barnacled rune of Zot
 43196 | Swamp:1  | Entered Level 1 of the Swamp
 44751 | Swamp:2  | Reached skill level 10 in Staves
 45524 | Swamp:3  | Reached skill level 1 in Earth Magic
 47320 | Swamp:4  | Entered Level 4 of the Swamp
 47873 | Swamp:4  | Noticed the 27-headed Lernaean hydra
 47879 | Swamp:4  | Killed the 27-headed Lernaean hydra
 47879 | Swamp:4  | Reached XP level 18. HP: 62/95 MP: 27/40
 48104 | Swamp:4  | Slain by a 16-headed hydra

Illustrated notes

Levels and vault maps discovered:
D:1:      minmay_arrival_cross, layout_basic, minivault_24
D:2:      layout_basic
D:3:      layout_basic
D:4:      layout_loops_ring, portal_sewer_entry_a, chequers_decorated_corner,
          solitary_fountain, uniq_duvessa
D:5:      layout_cave_pools, serial_gnoll_camp, gnoll_camp_huts_basic,
          gnoll_camp_mini_house, grums_kennel, gnoll_camp_mini_hut,
          uniq_eustachio
D:6:      layout_basic, minmay_temple_entry_waves, serial_shops,
          nicolae_shop_temple_entry_statues_fountains
D:7:      layout_basic, dk_noncrumbling_4
D:8:      layout_basic, serial_shops, shop_fountains,
          gammafunk_ghost_gnarly_gnolls
D:9:      layout_cave_pools, nemelex_xobeh_ov_fountains_minmay, orc_david_3
D:10:     minmay_chopped_fan, layout_irregular_city
D:11:     layout_basic, erik_lair_island, nrook_mini_vaults
D:12:     layout_basic, chequers_serial_rivers_large_b, fungi_pond_lemuel
D:13:     layout_long_grid
D:14:     layout_gridville, hangedman_vaults_entry_quadrant_bands,
          hangedman_decor_points, serial_shops, nicolae_shop_waterfront,
          basic_altar
D:15:     gammafunk_depths_entry_grave, layout_cave_pools, grunt_decor_fettered,
          uniq_rupert
Temple:   kilobyte_greek_temple
Lair:1:   layout_cave_pods, st_stairs_7, grunt_megastairs_3, uniq_sonja
Lair:2:   layout_roguey, minmay_shoals_entry_hut
Lair:3:   layout_hall_layers, tgw_fedhas
Lair:4:   layout_regular_city, nicolae_swamp_entry_splash_gauntlet,
          serial_bayou_shore_a, grunt_megastairs_1, infiniplex_staircase_pool
Lair:5:   layout_cave_pods, slime_dummy
Lair:6:   hangedman_lair_in_review, layout_regular_city, st_stairs_11,
          infiniplex_staircase_pool_2
Swamp:1:  layout_basic_swamp, evilmike_swamp_ruin_house_2, hangedman_swamp_cone
Swamp:2:  layout_basic_swamp, nicolae_swamp_trees_clearing
Swamp:3:  layout_falls_marsh, nicolae_swamp_feature_on_the_river_bank
Swamp:4:  swamp_old_school, layout_basic_swamp, swamp_pool2, uniq_mara
Shoals:1: cheibrodos_shoals_gigantism, layout_shoals, nicolae_alphabet_shops
Shoals:2: layout_shoals, serial_shops, shop_statue, uniq_roxanne,
          uniq_polyphemus
Shoals:3: layout_shoals, lightli_airlock
Shoals:4: shoals_end_grunt_garden, layout_shoals
Orc:1:    layout_caves
Orc:2:    st_orc_elflike, layout_caves, serial_shops, nicolae_shop_waterfront,
          minmay_shop_enchanted_jewellery

Skill      XL: |  1  2  3  4  5  6  7  8  9 10 11 12 13 14 15 16 17 |
---------------+----------------------------------------------------+-----
Transmutations | 2 4 5 9 13 | 13.3
Spellcasting   | 3 4 5 7 9 11 12 13 14 15 16 17 | 17.1
Poison Magic   | 4 5 6 8 10 11 12 | 12.5
Fighting       | 2 4 6 7 8 9 10 | 10.5
Evocations     | 4 8 9 11 12 14 | 14.5
Staves         | 1 3 5 6 7 9 10 | 10.7
Dodging        | 4 7 10 12 13 14 | 14.0
Hexes          | 3 7 |  7.0
Translocations | 8 9 |  9.2
Earth Magic    | 4 |  4.0
Stealth        | |  3.0

Action                   |  1- 3 |  4- 6 |  7- 9 | 10-12 | 13-15 | 16-18 || total
-------------------------+-------+-------+-------+-------+-------+-------++-------
Melee: Unarmed           |     8 |     2 |       |       |       |       ||    10
       Short sword       |       |     8 |    41 |    16 |       |       ||    65
       Staff             |       |       |     6 |    11 |       |       ||    17
       Lajatang          |       |       |       |   103 |   474 |   513 ||  1090
 Cast: Sting             |    65 |    87 |    62 |    20 |    28 |       ||   262
       Ignite Poison     |     1 |     2 |    65 |   115 |   185 |   181 ||   549
       Mephitic Cloud    |     1 |     2 |    10 |    16 |    24 |     5 ||    58
       Olgreb's Toxic Ra |       |     3 |    45 |   114 |   171 |   161 ||   494
       Summon Mana Viper |       |       |       |       |     1 |       ||     1
       Statue Form       |       |       |       |       |       |    43 ||    43
       Summon Forest     |       |       |       |       |       |     5 ||     5
       Eringya's Noxious |       |       |       |       |       |     7 ||     7
Invok: Potion Petition   |       |       |       |     1 |       |       ||     1
Evoke: Wand              |       |       |       |     4 |    27 |    28 ||    59
       Condenser vane    |       |       |       |     1 |     6 |     2 ||     9
       Phantom mirror    |       |       |       |       |       |     1 ||     1
  Use: Scroll            |       |     7 |     1 |     9 |    11 |    10 ||    38
       Potion            |       |     5 |       |     1 |     4 |     3 ||    13
 Stab: Distracted        |       |       |       |       |     3 |     3 ||     6
       Sleeping          |       |       |       |       |     4 |     1 ||     5
       Petrified         |       |       |       |       |     8 |       ||     8
       Paralysed         |       |       |       |       |    13 |    18 ||    31
       Betrayed ally     |       |       |       |       |       |     1 ||     1
Armor: Robe              |     5 |     4 |    19 |    13 |       |       ||    41
       Skin              |       |     4 |     3 |       |       |   249 ||   256
       Animal skin       |       |       |       |    15 |    81 |    19 ||   115
Dodge: Dodged            |    29 |    54 |    97 |   176 |   658 |  1098 ||  2112
Block: Other             |       |       |       |       |    30 |   189 ||   219
       Reflection        |       |       |       |       |       |    11 ||    11

Table legend: (Time is in decaauts)
 A = Elapsed time spent in this place.
 B = Non-inter-level travel time spent in this place.
 C = Inter-level travel time spent in this place.
 D = Time resting spent in this place.
 E = Time spent auto-exploring this place.
 F = Levels seen in this place.
 G = Mean time per level.
                   A        B        C        D        E       F      G
               +--------+--------+--------+--------+--------+-----+--------+
         Total |  41793 |  40602 |   1191 |   9075 |  25072 |  33 | 1266.5 |
       Dungeon |  19015 |  18507 |    508 |   4587 |  11104 |  15 | 1267.7 |
        Temple |     91 |     74 |     17 |      0 |     58 |   1 |   91.0 |
          Lair |   8214 |   7795 |    419 |   1457 |   5224 |   6 | 1369.0 |
         Swamp |   5194 |   5147 |     47 |    673 |   3396 |   4 | 1298.5 |
        Shoals |   7223 |   7117 |    106 |   1698 |   4309 |   4 | 1805.8 |
  Orcish Mines |   1663 |   1571 |     92 |    388 |    894 |   2 |  831.5 |
         Sewer |    390 |    390 |      0 |    269 |     85 |   1 |  390.0 |
               +--------+--------+--------+--------+--------+-----+--------+

Top non-repeatable levels by time:
    D:14: 2554 daAuts
Shoals:3: 2077 daAuts
Shoals:4: 1952 daAuts
  Lair:5: 1890 daAuts
 Swamp:3: 1851 daAuts
     D:8: 1753 daAuts
  Lair:6: 1748 daAuts
Shoals:1: 1747 daAuts
    D:12: 1519 daAuts
Shoals:2: 1445 daAuts
  Lair:4: 1427 daAuts
     D:9: 1403 daAuts
 Swamp:1: 1401 daAuts
    D:10: 1392 daAuts
  Lair:2: 1371 daAuts
